Unix NetHack Version 3.7.0-59 Work-in-progress - last build May 25 2022 12:07:00 (5f964a4ca35ee0fc00824f52a09306978f6a0dc5,branch:master). Game began 2022-05-24 15:05:48, ended 2022-05-26 13:59:31. Arasaka, neutral male gnomish Healer -- -- ----.--- |. --.|....-- -------. |........| |..|.|... |........| -........ ----........| ........ |...........| ....... ---....@......| -..... |......r......| |...... ------....---...| -- --- --......-----------......|..| ...| |..............................--------- G..- -- ---.....---------- ... |.....--.| F... ----.%...-- ..... |....*.-- .....| |.......| ....| --....<.| .|..| ---.|.-- ----- ----- Arasaka the Rhizotomist St:12 Dx:8 Co:13 In:13 Wi:12 Ch:16 Neutral Dlvl:5 $:1716 HP:0(16) Pw:6(6) AC:6 Xp:1/0 T:1377 Hungry Latest messages: The bugbear picks up a hard hat. The bugbear puts on a hard hat. The jackal turns to flee. Korone bites the jackal. The jackal is killed! Korone bites the jackal. The jackal is killed! The kobold zombie turns to flee. Korone eats a jackal corpse. You swap places with Korone. Korone bites the bugbear. The bugbear thrusts his broad short sword at Korone. The bugbear misses Korone. Korone bites the kobold zombie. The kobold zombie is destroyed! Korone misses the bugbear. What do you want to use or apply? [cf-imquyz or ?*] In what direction? Status of Korone (neutral): Level 9 HP 53(66) AC 4, tame. Korone misses the bugbear. Korone misses the bugbear. You see here a kobold corpse. Korone misses the bugbear. Korone misses the bugbear. Korone bites the bugbear. You hear some noises. d - a crystal wand. What do you want to write with? [- adfmzA-C or ?*] You write in the dust with your fingertip. What do you want to write with? [- adfmzA-C or ?*] Do you want to add to the current engraving? [ynq] (y) You add to the writing in the dust with a crystal wand. What do you want to zap? [dfmz or ?*] In what direction? What do you want to use or apply? [cdf-imquyz or ?*] Are you really sure you want to break your wand called glass van? [yn] (n) What do you want to zap? [dfmz or ?*] In what direction? The floating eye vanishes! You are beginning to feel hungry. A cloud of gas puts you to sleep! The giant rat bites! The giant rat bites! The giant rat bites! The giant rat bites! The giant rat bites! You dream that you hear some noises in the distance. The giant rat bites! The giant rat bites! You die... Major events: Turn 1: Arasaka the neutral male gnomish Healer entered the dungeon 515: entered the Gnomish Mines 1377: killed by a giant rat, while sleeping Inventory: Coins ('$') $ - 1716 gold pieces Weapons (')') a - an uncursed +0 scalpel (weapon in hand) Armor ('[') t - a cursed +0 elven leather helm (being worn) b - an uncursed +1 pair of leather gloves (being worn) k - an uncursed +0 pair of kicking boots (being worn) Comestibles ('%') j - 6 uncursed apples w - 2 uncursed food rations s - a cursed food ration x - an uncursed egg Scrolls ('?') o - an uncursed scroll of confuse monster l - 2 uncursed scrolls of create monster n - a blessed scroll of enchant weapon p - an uncursed scroll of light v - an uncursed scroll of teleportation Spellbooks ('+') y - an uncursed spellbook of create monster h - a blessed spellbook of extra healing g - a blessed spellbook of healing i - a blessed spellbook of stone to flesh Potions ('!') e - 4 uncursed potions of extra healing Rings ('=') C - an uncursed ring of see invisible Wands ('/') z - a blessed wand of enlightenment (0:14) d - an uncursed wand of locking (0:6) f - an uncursed wand of sleep (0:6) m - an uncursed wand of teleportation (0:2) Tools ('(') q - an uncursed +0 pick-axe c - an uncursed stethoscope u - an uncursed tin whistle Gems/Stones ('*') B - a cursed worthless piece of blue glass A - an uncursed worthless piece of violet glass Arasaka the Healer's attributes: Background: You were a Rhizotomist, a level 1 male gnomish Healer. You were neutral, on a mission for Hermes who was opposed by Athena (lawful) and Poseidon (chaotic). You were in the Gnomish Mines, on level 5. You entered the dungeon 1377 turns ago. You had 0 experience points, 20 were needed to attain level 2. Basics: You had 0 out of 16 hit points. You had all 6 energy points (spell power). Your armor class was 6. Your wallet contained 1716 zorkmids. Autopickup was on for '$"?' plus thrown, with exceptions. Final Characteristics: Your strength was 12 (limit:18/50). Your dexterity was 8 (limit:18). Your constitution was 13 (limit:18). Your intelligence was 13 (limit:19). Your wisdom was 12 (limit:18). Your charisma was 16 (limit:18). Final Status: You were hungry. You were unencumbered. You were wielding a knife. You had basic skill with knife. Final Attributes: You were fervently aligned. You were poison resistant. You had infravision. You are dead. Miscellaneous: You disabled loading of bones levels. Total elapsed playing time was 9 minutes and 51 seconds. Vanquished creatures: a bugbear a shrieker a gnome leader 4 dwarves 2 coyotes 3 hobbits a large kobold a giant rat 2 yellow molds a green mold 3 gnomes a gecko 10 jackals 3 foxes 2 kobolds a goblin 2 sewer rats 3 bats 4 lichens a kobold zombie 3 newts 50 creatures vanquished. No species were genocided or became extinct. Voluntary challenges: You were a pacifist. You read items or engraved 16 times. You engraved Elbereth 8 times. You never genocided any monsters. You never polymorphed an object. You never changed form. You used no wishes. Achievement: You entered the Gnomish Mines. The Dungeons of Doom: levels 1 to 3 Level 1: An altar. Level 2: A fountain. Stairs down to The Gnomish Mines. Level 3: The Gnomish Mines: levels 3 to 5 Level 3: Level 4: Level 5: <- You were here. Final resting place for you, killed by a giant rat, while sleeping. Game over: ---------- / \ / REST \ / IN \ / PEACE \ / \ | Arasaka | | 1716 Au | | killed by a | | giant rat | | | | | | 2022 | *| * * * | * _________)/\\_//(\/(/\)/\//\/|_)_______ Goodbye Arasaka the Healer... You died in The Gnomish Mines on dungeon level 5 with 265 points, and 1716 pieces of gold, after 1377 moves. You were level 1 with a maximum of 16 hit points when you died.